[ AOE2 MATCH · #507129642 ]
UnrankedJapanese vs Saracens
Player's team · LOSS
Rival team · WIN
[ REPLAY ANALYSIS · EXTRACTED FROM THE RECORDED GAME ]
Feudal
9:41
Castle
20:35
Imperial
—
| APM avg | 22.5 |
| APM peak | 51 |
| eAPM avg | 13.8 |
| Villagers / military | 77 / 19 |
Focus
⚔️ 36.4% · 🌾 63.6%
Samurai ×12 · Militia ×3 · Mangonel ×2 · Spearman ×2
Feudal
10:16
Castle
20:37
Imperial
—
| APM avg | 35.5 |
| APM peak | 68 |
| eAPM avg | 18.6 |
| Villagers / military | 49 / 15 |
Focus
⚔️ 19.0% · 🌾 81.0%
Knight ×15
Match map
Initial resources + every placement click. Lines = walls · curves = elevation contours. ◆ gold · ⬟ stone · ● berries · ✦ relic · ◌ wall gap
Your base· Open — unwalled flank
Kavi's base· Open — 1t gap
Smoothed initial terrain · ◌ = detected wall gap · hover for details
Inputs per minute
— Saiyan97 - - Kavi
Build order — Saiyan97
137 actions detected in the replay
| 0:01 | Queue | Villager (Male) |
| 0:01 | Queue | Villager (Male) |
| 0:01 | Queue | Villager (Male) |
| 0:03 | Build | House |
| 0:05 | Build | House |
| 0:12 | Queue | Villager (Male) |
| 0:12 | Queue | Villager (Male) |
| 1:11 | Queue | Villager (Male) |
| 1:11 | Queue | Villager (Male) |
| 1:47 | Build | Lumber Camp |
| 1:52 | Queue | Villager (Male) |
| 1:53 | Queue | Villager (Male) |
| 2:16 | Queue | Villager (Male) |
| 2:45 | Queue | Villager (Male) |
| 3:06 | Build | House |
| 3:23 | Queue | Villager (Male) |
| 3:38 | Queue | Villager (Male) |
| 3:56 | Queue | Villager (Male) |
| 4:28 | Queue | Villager (Male) |
| 4:46 | Queue | Villager (Male) |
| 4:49 | Queue | Villager (Male) |
| 5:10 | Queue | Villager (Male) |
| 5:11 | Queue | Villager (Male) |
| 5:14 | Build | House |
| 5:55 | Queue | Villager (Male) |
| 6:03 | Build | Mining Camp |
| 6:20 | Queue | Villager (Male) |
| 6:26 | Research | Loom |
| 6:43 | Queue | Villager (Male) |
| 7:06 | Queue | Villager (Male) |
| 7:15 | Queue | Villager (Male) |
| 7:31 | Research | Feudal Age |
| 7:37 | Build | Barracks |
| 7:46 | Build | Mill |
| 8:44 | Build | Mining Camp |
| 8:49 | Queue | Militia |
| 8:49 | Queue | Militia |
| 8:49 | Queue | Militia |
| 9:06 | Queue | Villager (Male) |
| 9:41 | Age | Feudal Age |
| 9:43 | Queue | Villager (Male) |
| 10:18 | Queue | Villager (Male) |
| 10:47 | Queue | Villager (Male) |
| 10:59 | Build | Watch Tower |
| 11:01 | Queue | Villager (Male) |
| 11:01 | Queue | Villager (Male) |
| 11:01 | Queue | Villager (Male) |
| 11:08 | Build | House |
| 11:12 | Queue | Villager (Male) |
| 11:26 | Queue | Villager (Male) |
| 11:56 | Queue | Villager (Male) |
| 11:57 | Queue | Villager (Male) |
| 12:09 | Build | House |
| 12:22 | Queue | Villager (Male) |
| 12:41 | Build | Watch Tower |
| 12:55 | Build | House |
| 13:01 | Queue | Villager (Male) |
| 13:01 | Queue | Villager (Male) |
| 13:07 | Build | Farm |
| 13:12 | Build | Farm |
| 13:45 | Queue | Villager (Male) |
| 13:46 | Queue | Villager (Male) |
| 13:46 | Queue | Villager (Male) |
| 14:03 | Queue | Villager (Male) |
| 14:20 | Queue | Villager (Male) |
| 14:20 | Queue | Villager (Male) |
| 14:26 | Build | Mill |
| 14:40 | Build | Watch Tower |
| 14:42 | Queue | Villager (Male) |
| 15:13 | Queue | Villager (Male) |
| 15:26 | Build | Market |
| 16:16 | Build | Watch Tower |
| 16:18 | Queue | Villager (Male) |
| 16:29 | Queue | Villager (Male) |
| 17:01 | Build | Blacksmith |
| 17:55 | Research | Castle Age |
| 19:08 | Build | Farm |
| 19:11 | Build | Farm |
| 19:15 | Build | Farm |
| 19:39 | Queue | Villager (Male) |
| 20:03 | Queue | Villager (Male) |
| 20:35 | Age | Castle Age |
| 21:04 | Queue | Villager (Male) |
| 21:15 | Queue | Villager (Male) |
| 21:30 | Build | Castle |
| 21:51 | Build | House |
| 21:52 | Build | House |
| 21:57 | Build | House |
| 21:59 | Build | House |
| 22:17 | Queue | Villager (Male) |
| 22:17 | Queue | Villager (Male) |
| 22:20 | Build | House |
| 22:21 | Build | House |
| 22:28 | Queue | Villager (Male) |
| 22:29 | Queue | Villager (Male) |
| 22:33 | Queue | Villager (Male) |
| 22:33 | Queue | Villager (Male) |
| 23:18 | Queue | Villager (Male) |
| 23:18 | Queue | Villager (Male) |
| 23:18 | Queue | Villager (Male) |
| 23:18 | Queue | Villager (Male) |
| 23:30 | Queue | Samurai |
| 23:30 | Queue | Samurai |
| 23:30 | Queue | Samurai |
| 23:30 | Queue | Samurai |
| 23:32 | Queue | Villager (Male) |
| 23:32 | Queue | Villager (Male) |
| 23:36 | Build | Farm |
| 23:37 | Queue | Villager (Male) |
| 23:37 | Queue | Villager (Male) |
| 23:56 | Build | Castle |
| 24:02 | Queue | Samurai |
| 24:03 | Queue | Samurai |
| 24:12 | Queue | Villager (Male) |
| 24:42 | Build | Siege Workshop |
| 24:43 | Queue | Villager (Male) |
| 24:43 | Queue | Villager (Male) |
| 24:51 | Queue | Samurai |
| 24:52 | Queue | Samurai |
| 25:09 | Queue | Villager (Male) |
| 25:09 | Queue | Villager (Male) |
| 25:34 | Queue | Samurai |
| 25:39 | Queue | Mangonel |
| 25:49 | Queue | Villager (Male) |
| 26:20 | Queue | Villager (Male) |
| 26:20 | Queue | Villager (Male) |
| 26:20 | Queue | Villager (Male) |
| 27:26 | Build | Mining Camp |
| 27:46 | Queue | Villager (Male) |
| 28:05 | Queue | Samurai |
| 29:08 | Queue | Villager (Male) |
| 29:29 | Queue | Spearman |
| 29:29 | Queue | Spearman |
| 30:00 | Build | Mining Camp |
| 30:13 | Queue | Mangonel |
| 30:16 | Queue | Samurai |
| 30:16 | Queue | Samurai |
Build order — Kavi
First 150 of 151 actions detected
| 0:00 | Queue | Villager (Male) |
| 0:00 | Queue | Villager (Male) |
| 0:01 | Queue | Villager (Male) |
| 0:02 | Build | House |
| 0:04 | Build | House |
| 0:14 | Queue | Villager (Male) |
| 1:43 | Queue | Villager (Male) |
| 1:54 | Build | Lumber Camp |
| 2:18 | Queue | Villager (Male) |
| 2:19 | Queue | Villager (Male) |
| 2:50 | Queue | Villager (Male) |
| 3:13 | Queue | Villager (Male) |
| 3:34 | Queue | Villager (Male) |
| 3:55 | Queue | Villager (Male) |
| 4:16 | Build | House |
| 4:33 | Build | House |
| 4:39 | Build | Palisade Wall |
| 4:50 | Research | Loom |
| 4:53 | Queue | Villager (Male) |
| 4:53 | Queue | Villager (Male) |
| 5:11 | Queue | Villager (Male) |
| 6:15 | Build | Mill |
| 6:15 | Queue | Villager (Male) |
| 6:41 | Queue | Villager (Male) |
| 7:09 | Research | Loom |
| 7:44 | Build | House |
| 7:45 | Build | Palisade Wall |
| 7:47 | Build | Palisade Wall |
| 7:48 | Build | Palisade Wall |
| 7:53 | Build | House |
| 7:54 | Build | House |
| 7:56 | Build | Palisade Wall |
| 8:03 | Build | Palisade Wall |
| 8:03 | Build | Palisade Wall |
| 8:05 | Queue | Villager (Male) |
| 8:06 | Research | Feudal Age |
| 8:24 | Build | House |
| 8:27 | Build | Palisade Wall |
| 8:28 | Queue | Villager (Male) |
| 8:59 | Build | Lumber Camp |
| 9:27 | Build | House |
| 9:30 | Build | Palisade Wall |
| 9:32 | Build | Palisade Wall |
| 9:33 | Queue | Villager (Male) |
| 10:15 | Build | Farm |
| 10:16 | Age | Feudal Age |
| 10:18 | Build | Farm |
| 10:37 | Build | House |
| 10:41 | Build | House |
| 10:47 | Queue | Villager (Male) |
| 11:08 | Build | Watch Tower |
| 11:19 | Queue | Villager (Male) |
| 11:24 | Queue | Villager (Male) |
| 11:24 | Queue | Villager (Male) |
| 11:52 | Queue | Villager (Male) |
| 12:05 | Queue | Villager (Male) |
| 12:05 | Queue | Villager (Male) |
| 12:16 | Queue | Villager (Male) |
| 12:20 | Build | Farm |
| 12:22 | Build | Farm |
| 12:24 | Build | Farm |
| 12:31 | Build | Farm |
| 12:40 | Build | Barracks |
| 12:41 | Queue | Villager (Male) |
| 13:10 | Build | House |
| 13:29 | Build | Farm |
| 13:30 | Build | Farm |
| 13:36 | Queue | Villager (Male) |
| 13:42 | Build | Lumber Camp |
| 13:48 | Queue | Villager (Male) |
| 14:03 | Build | Farm |
| 14:06 | Build | Farm |
| 14:27 | Build | Mining Camp |
| 14:30 | Queue | Villager (Male) |
| 14:44 | Build | Farm |
| 14:50 | Build | House |
| 14:54 | Build | Palisade Wall |
| 15:13 | Build | Market |
| 15:16 | Build | Palisade Wall |
| 15:25 | Build | Stone Wall |
| 15:28 | Queue | Villager (Male) |
| 15:43 | Build | Palisade Wall |
| 15:51 | Queue | Villager (Male) |
| 15:54 | Build | Farm |
| 15:56 | Build | Farm |
| 15:58 | Build | Farm |
| 16:19 | Build | Blacksmith |
| 16:57 | Build | Farm |
| 17:06 | Queue | Villager (Male) |
| 17:57 | Research | Castle Age |
| 18:12 | Build | Stable |
| 18:15 | Build | Stable |
| 18:32 | Research | Double-Bit Axe |
| 18:49 | Research | Horse Collar |
| 19:13 | Build | House |
| 19:16 | Build | Palisade Wall |
| 19:26 | Research | Gold Mining |
| 19:29 | Research | Bloodlines |
| 19:35 | Build | Farm |
| 20:07 | Research | Scale Barding Armor |
| 20:37 | Age | Castle Age |
| 20:39 | Research | Forging |
| 20:41 | Queue | Knight |
| 20:41 | Queue | Knight |
| 21:01 | Queue | Knight |
| 21:01 | Queue | Knight |
| 21:15 | Queue | Knight |
| 22:14 | Queue | Knight ×4 |
| 22:23 | Build | Watch Tower |
| 23:39 | Build | Town Center |
| 23:43 | Build | Mining Camp |
| 23:53 | Build | Mining Camp |
| 23:58 | Queue | Villager (Male) |
| 24:27 | Queue | Knight |
| 25:17 | Build | Lumber Camp |
| 25:42 | Build | House |
| 26:19 | Build | Farm |
| 26:21 | Build | Farm |
| 26:30 | Queue | Villager (Male) |
| 26:31 | Queue | Villager (Male) |
| 26:31 | Queue | Villager (Male) |
| 26:37 | Queue | Villager (Male) |
| 26:37 | Queue | Villager (Male) |
| 27:32 | Queue | Knight |
| 27:32 | Queue | Knight |
| 27:32 | Queue | Knight |
| 27:46 | Queue | Villager (Male) |
| 27:47 | Queue | Villager (Male) |
| 27:47 | Queue | Villager (Male) |
| 27:49 | Build | Farm |
| 27:50 | Build | Farm |
| 27:50 | Build | Farm |
| 27:50 | Build | Farm |
| 27:55 | Queue | Villager (Male) |
| 27:56 | Queue | Villager (Male) |
| 28:00 | Build | Mill |
| 28:16 | Build | Farm |
| 29:18 | Build | Castle |
| 29:23 | Queue | Knight |
| 29:24 | Queue | Knight |
| 29:35 | Build | Farm |
| 29:37 | Build | Farm |
| 29:40 | Build | Farm |
| 30:12 | Build | Palisade Wall |
| 30:14 | Build | House |
| 30:16 | Build | House |
| 30:18 | Build | House |
| 30:26 | Queue | Villager (Male) |
| 30:26 | Queue | Villager (Male) |
| 30:30 | Queue | Villager (Male) |
Match timeline
| 4:39 | Kavi · wall_segment Palisade Wall x19 |
| 7:37 | Saiyan97 · first_building Barracks |
| 7:45 | Kavi · wall_segment Palisade Wall x1 |
| 7:47 | Kavi · wall_segment Palisade Wall x1 |
| 7:48 | Kavi · wall_segment Palisade Wall x1 |
| 7:56 | Kavi · wall_segment Palisade Wall x1 |
| 8:03 | Kavi · wall_segment Palisade Wall x1 |
| 8:03 | Kavi · wall_segment Palisade Wall x1 |
| 8:27 | Kavi · wall_segment Palisade Wall x5 |
| 9:30 | Kavi · wall_segment Palisade Wall x3 |
| 9:32 | Kavi · wall_segment Palisade Wall x5 |
| 9:41 | Saiyan97 · age_up feudal |
| 10:16 | Kavi · age_up feudal |
| 12:40 | Kavi · first_building Barracks |
| 14:54 | Kavi · wall_segment Palisade Wall x5 |
| 15:16 | Kavi · wall_segment Palisade Wall x1 |
| 15:25 | Kavi · wall_segment Stone Wall x1 |
| 15:43 | Kavi · wall_segment Palisade Wall x1 |
| 16:51 | Saiyan97 · first_market_buy 100 food |
| 17:33 | Kavi · first_market_buy 100 food |
| 18:12 | Kavi · first_building Stable |
| 19:16 | Kavi · wall_segment Palisade Wall x6 |
| 20:35 | Saiyan97 · age_up castle |
| 20:37 | Kavi · age_up castle |
| 21:30 | Saiyan97 · first_building Castle |
| 22:19 | Kavi · first_market_sell 100 wood |
| 23:50 | Saiyan97 · first_market_sell 100 wood |
| 24:42 | Saiyan97 · first_building Siege Workshop |
| 29:18 | Kavi · first_building Castle |
| 30:12 | Kavi · wall_segment Palisade Wall x1 |
| 30:33 | Saiyan97 · resign |
[ AI ANALYSIS · 1 CREDIT ]
What really happened in this match?
Wolo.gg analyzes every decision: build order, eco, micro, common mistakes by bracket. Personalized analysis on WhatsApp or Discord in 30 seconds.
Civ guide
Japanese
Perfil
Jugador #22963494